[Event "Oslo Chess Festival 2018"]
[Site "Oslo"]
[Date "2018.10.05"]
[Round "8"]
[White "Vasyliv, Stanislav"]
[Black "Ranaldi, Lucas"]
[Result "1-0"]
[ECO "E94"]
[WhiteElo "2142"]
[BlackElo "2335"]
[Annotator "NA RC"]
[PlyCount "53"]
[EventDate "2018.09.30"]
[EventCountry "NOR"]
[SourceTitle "playchess.com"]
[Source "ChessBase"]
[SourceQuality "1"]
[TimeControl "90/30+30:0"]

1. d4 Nf6 2. Nf3 g6 3. c4 Bg7 4. Nc3 O-O 5. e4 d6 6. Be2 Na6 7. O-O e5 8. Be3 Ng4 9. Bg5 Qe8 10. Re1 {[%emt 0:00:00] E94: King's Indian: Classical: 6 Be2 e5 7 0-0: Various Black 7th moves} exd4 11. Nd5 f6 12. Bf4 c6 13. Bxd6 cxd5 14. exd5 Rf7 15. c5 Qd8 {[%emt 0:00:00] [#]} 16. Bxa6 $146 ({Predecessor:} 16. Nxd4 Nh6 17. Ne6 Bxe6 18. dxe6 Re7 19. c6 Nc7 20. cxb7 Rb8 21. Bxe7 Qxe7 22. Qd7 {1-0 (22) Kasimdzhanov,R (2679)-Pruijssers,R (2458) Netherlands 2009}) 16... bxa6 17. Nxd4 f5 18. Ne6 Bxe6 19. dxe6 Re7 $18 20. Bxe7 Qxe7 21. Qd7 Qxc5 22. Qf7+ Kh8 23. e7 Qxf2+ 24. Kh1 h6 25. e8=Q+ Rxe8 26. Rxe8+ Kh7 27. Qg8# 1-0

[Event "Oslo Chess Festival 2018"]
[Site "Oslo"]
[Date "2018.10.05"]
[Round "8"]
[White "Abdrlauf, Elham"]
[Black "Nordquelle, Daniel"]
[Result "0-1"]
[ECO "C10"]
[WhiteElo "2080"]
[BlackElo "2235"]
[Annotator "NA RC"]
[PlyCount "52"]
[EventDate "2018.09.30"]
[EventCountry "NOR"]
[SourceTitle "playchess.com"]
[Source "ChessBase"]
[SourceQuality "1"]
[TimeControl "90/30+30:0"]

1. e4 e6 2. d4 d5 3. Nd2 Be7 4. Ngf3 dxe4 5. Nxe4 Nf6 6. Bd3 Nbd7 7. O-O b6 8. Ne5 Bb7 $16 9. Nxf7 Kxf7 10. Ng5+ Kg8 11. Nxe6 Qc8 12. Nf4 Nd5 13. Bf5 Nxf4 14. Bxf4 Qd8 15. Be6+ Kf8 16. c4 Bd6 17. Bxd6+ cxd6 18. d5 Nc5 19. Re1 Nxe6 20. Rxe6 Bc8 21. Qf3+ Kg8 22. Rae1 Bxe6 23. dxe6 Qf8 24. Qd5 Re8 25. e7+ Qf7 26. Qxd6 h5 0-1

[Event "Oslo Chess Festival 2018"]
[Site "Oslo"]
[Date "2018.10.06"]
[Round "9"]
[White "Dziuba, Marcin"]
[Black "Kaasen, Tor Fredrik"]
[Result "1/2-1/2"]
[ECO "E11"]
[WhiteElo "2573"]
[BlackElo "2388"]
[Annotator "ChessBase"]
[PlyCount "117"]
[EventDate "2018.09.30"]
[EventCountry "NOR"]
[SourceTitle "playchess.com"]
[Source "ChessBase"]
[SourceQuality "1"]
[TimeControl "40/5400+30:1800+30"]

1. d4 Nf6 2. c4 e6 3. Nf3 Bb4+ 4. Nbd2 O-O 5. a3 Be7 6. e4 d6 7. Be2 Nbd7 8. O-O e5 9. b4 c6 10. Bb2 Qc7 11. Qc2 Re8 12. c5 exd4 13. Bxd4 dxc5 14. bxc5 b6 15. cxb6 axb6 16. Bc4 Bd6 17. Ng5 Re7 18. Ndf3 Bf4 19. Rae1 Ra5 20. Nxf7 Rxf7 21. Qb3 Nc5 22. Bxc5 Rxc5 23. Bxf7+ Qxf7 24. Qxb6 Qe7 25. e5 Nd5 26. Qb8 Qf8 27. Rb1 Bg4 28. Qa7 Rb5 29. Nd4 Rxb1 30. Rxb1 Bxe5 31. Nxc6 Bc7 32. Qd4 Be6 33. Nb4 Qf5 34. Re1 Bb6 35. Nxd5 Bxd4 36. Ne7+ Kf7 37. Nxf5 Bxf5 38. a4 Kf6 39. Rd1 Ke5 40. a5 Bc8 41. Rc1 Ba6 42. h4 Ke4 43. Rc7 Kd5 44. g3 Kd6 45. Rf7 Ke6 46. Rf8 Ke7 47. Ra8 Bb7 48. Rb8 Ba6 49. Kg2 Kd7 50. f3 Kc7 51. Rb1 Kc6 52. g4 Bb5 53. f4 Kc5 54. Kg3 Bc3 55. Rc1 Kd4 56. Rd1+ Kc5 57. Rc1 Kd4 58. Rb1 Kc5 59. Rc1 1/2-1/2

[Event "Oslo Chess Festival 2018"]
[Site "Oslo"]
[Date "2018.10.06"]
[Round "9"]
[White "Pavlovic, Milos"]
[Black "Basso, Pier Luigi"]
[Result "1-0"]
[ECO "C54"]
[WhiteElo "2481"]
[BlackElo "2530"]
[Annotator "RC"]
[PlyCount "81"]
[EventDate "2018.09.30"]
[EventCountry "NOR"]
[SourceTitle "playchess.com"]
[Source "ChessBase"]
[SourceQuality "1"]
[TimeControl "40/5400+30:1800+30"]

1. e4 e5 2. Nf3 Nc6 3. Bc4 Bc5 4. d3 Nf6 5. O-O O-O 6. Nbd2 d6 7. c3 a5 8. h3 Be6 9. Bb5 Qb8 10. b3 Qa7 11. Bb2 Kh8 12. Bxc6 bxc6 13. d4 exd4 14. cxd4 Bb6 15. Qc2 d5 16. e5 Nh5 17. Ng5 g6 18. Ndf3 c5 19. dxc5 Bxc5 20. Rac1 Bb6 21. Ba3 Rfe8 22. Bc5 Nf4 23. Bxb6 cxb6 24. Qd2 Nh5 25. Nd4 Rac8 26. Rxc8 Bxc8 27. Rc1 Ba6 28. g4 Ng7 29. Qf4 Kg8 30. e6 f6 31. Rc7 Qb8 32. Nc6 Qxc7 33. Qxc7 fxg5 34. Qf7+ Kh8 35. e7 Rg8 36. Nd8 d4 37. Qf6 h6 38. Qxg6 Re8 39. Nf7+ Kg8 40. Nxh6+ Kh8 41. Nf5 1-0

[Event "Oslo Chess Festival 2018"]
[Site "Oslo"]
[Date "2018.10.06"]
[Round "9"]
[White "Hobber, Anders"]
[Black "Siddharth, Jagadeesh"]
[Result "1/2-1/2"]
[ECO "D02"]
[WhiteElo "2314"]
[BlackElo "2124"]
[Annotator "NA"]
[PlyCount "71"]
[EventDate "2018.09.30"]
[EventCountry "NOR"]
[SourceTitle "playchess.com"]
[Source "ChessBase"]
[SourceQuality "1"]
[TimeControl "40/5400+30:1800+30"]

1. d4 Nf6 2. Bf4 e6 3. e3 c5 4. Nd2 d5 5. Ngf3 Nc6 6. c3 Bd6 7. Bg3 O-O 8. Bd3 b6 9. Qe2 {[%emt 0:01:15] D02: Damenbauernspiele} (9. e4 Be7 10. e5 Nh5 11. Nf1 cxd4 12. Nxd4 Nxd4 13. cxd4 g6 14. Ne3 f5 15. exf6 Bxf6 16. Be2 Nxg3 17. hxg3 {½-½ (37) Nakamura,H (2787)-Svidler,P (2760) Moscow 2018}) 9... Qc7 {[%emt 0:06:51] LiveBook: 8 Games} 10. dxc5 bxc5 11. e4 Nd7 $146 ({Vorgänger:} 11... dxe4 12. Nxe4 Nxe4 13. Bxe4 f5 14. Bxc6 Qxc6 15. Bxd6 Qxd6 16. Ne5 Ba6 {1-0 (41) Romero Holmes,A (2450)-Lorenzo Duran,M (2134) Pontevedra 2016}) 12. Bxd6 Qxd6 13. O-O Nce5 14. Rfe1 Nxd3 15. Qxd3 Ba6 16. Qe3 Rfd8 17. Rad1 Nb6 18. e5 Qe7 19. Qf4 Bd3 20. Re3 Bc2 21. Rc1 Bg6 22. Ree1 Rac8 23. b3 a5 24. Nf1 {[%emt 0:06:39] [#]} a4 $1 25. Ng3 axb3 26. axb3 Ra8 27. Ra1 Rdb8 28. h4 h6 $15 29. c4 dxc4 30. bxc4 Na4 31. h5 Bh7 32. Ne4 Nb2 33. Reb1 Bxe4 34. Qxe4 Rxa1 35. Rxa1 Qb7 36. Qxb7 1/2-1/2

[Event "Oslo Chess Festival 2018"]
[Site "Oslo"]
[Date "2018.10.06"]
[Round "9"]
[White "Nordquelle, Daniel"]
[Black "Vasyliv, Stanislav"]
[Result "0-1"]
[ECO "B26"]
[WhiteElo "2235"]
[BlackElo "2142"]
[Annotator "NA"]
[PlyCount "118"]
[EventDate "2018.09.30"]
[EventCountry "NOR"]
[SourceTitle "playchess.com"]
[Source "ChessBase"]
[SourceQuality "1"]
[TimeControl "40/5400+30:1800+30"]

1. e4 c5 2. Nc3 d6 3. g3 Nc6 4. Bg2 g6 5. Nge2 Bg7 6. d3 e6 {[%emt 0:02:08] LiveBook: 230 Games} 7. Be3 Nd4 8. Qd2 Ne7 9. Bg5 {[%emt 0:01:37] B26: Closed Sicilian: 3 g3, lines with early Be3} (9. O-O O-O 10. Nd1 Nxe2+ 11. Qxe2 b6 12. h4 Bb7 13. h5 Qd7 14. Bg5 Rae8 15. c3 f6 16. Bd2 f5 17. Ne3 d5 18. Rad1 Qb5 19. a4 Qd7 {½-½ (39) Adams,M (2742)-Timman,J (2605) Wijk aan Zee 2002}) 9... Rb8 10. Nd1 $146 ({Predecessor:} 10. Nxd4 cxd4 11. Ne2 h6 12. Bxe7 Qxe7 13. O-O Qc7 14. c4 dxc3 15. Nxc3 b5 16. Rfc1 Qb6 {0-1 (50) Alves,J-Souza Filho,N (2131) Vitoria 2006}) 10... Nxe2 11. Kxe2 O-O 12. Bh6 e5 13. h4 f6 14. h5 $2 {[%emt 0:02:55] [#]} (14. Bxg7 $11 Kxg7 15. h5) 14... Bxh6 $1 15. Qxh6 {[%emt 0:02:22] [#]} g5 $1 (15... Bg4+ 16. f3 $16) 16. Ne3 Kh8 17. f4 Ng8 18. Qg6 hxg6 $2 (18... c4 $19 {has better winning chances.} 19. Nf5 cxd3+ 20. cxd3 Bxf5 21. Qxf5 Ne7) 19. hxg6+ Kg7 20. f5 Nh6 {[%emt 0:01:50] [#]} 21. Rxh6 $1 {[%emt 0:00:04] [#]} Rh8 $1 ({Inferior is} 21... Kxh6 22. Rh1+ Kg7 23. Rh7+ Kg8 24. Ng4 Rf7 25. Rxf7 Kh8 26. Rh7+ Kg8 27. Nh6+ Kf8 28. g7+ Ke8 29. g8=Q#) 22. Rxh8 Qxh8 23. Rh1 Qg8 24. Nd5 Bd7 25. Ne7 $1 {[%emt 0:00:36] [#]} Qh8 $1 26. Rxh8 Rxh8 27. Nd5 b5 28. c4 a5 29. Kd2 a4 30. cxb5 Bxb5 31. Kc3 Rh2 32. Ne3 Ba6 33. b3 a3 34. Kc2 d5 $2 (34... Kg8 $15 {behält die Oberhand.}) 35. exd5 {[%emt 0:02:06] [#]} e4 $2 (35... g4 $1 $16 ) 36. Kc3 $4 (36. dxe4 $18 Bf1 37. Nxf1 Rxg2+ 38. Nd2 Rxg3 39. d6) 36... exd3 (36... Bxd3 $19 37. d6 Bb1) 37. d6 Bb5 38. g4 Rh8 $2 (38... Kf8 $17 39. Kd2 Kg8) 39. Nf1 $2 (39. Nc4 $11 {and White stays safe.}) 39... Rd8 40. Ng3 $2 (40. Nd2) 40... Rxd6 41. Nh5+ Kh6 42. g7 Rd8 $19 43. Kd2 c4 44. Bd5 c3+ 45. Kxc3 d2 46. Bf3 Bc6 47. Bd1 Bd5 48. Nxf6 Kxg7 49. Nxd5 Rxd5 50. b4 Kf6 51. Kb3 Ke5 52. Kxa3 Kd4 53. Kb3 Ke3 54. a4 Rd3+ 55. Kc4 Ra3 56. b5 Ra1 57. Bb3 Rb1 58. Bc2 Rc1 59. Kb3 Rxc2 0-1

[Event "Oslo Chess Festival 2018"]
[Site "Oslo"]
[Date "2018.10.06"]
[Round "9"]
[White "Lobersli, Henrik Oie"]
[Black "Mikalsen, Erlend"]
[Result "0-1"]
[ECO "E04"]
[WhiteElo "2120"]
[BlackElo "2332"]
[Annotator "NA"]
[PlyCount "114"]
[EventDate "2018.09.30"]
[EventCountry "NOR"]
[SourceTitle "playchess.com"]
[Source "ChessBase"]
[SourceQuality "1"]
[TimeControl "40/5400+30:1800+30"]

1. d4 Nf6 2. c4 e6 3. g3 d5 4. Nf3 dxc4 5. Bg2 c5 6. Qa4+ Nc6 7. O-O Bd7 8. Qxc4 b5 {[%emt 0:00:04] LiveBook: 298 Partien} 9. Qc3 {[%emt 0:00:15] E04: Katalanisch} c4 (9... b4 10. Qd3 Rc8 11. dxc5 Bxc5 12. Be3 Bxe3 13. Qxe3 Qb6 14. Qxb6 axb6 15. Nbd2 Na5 16. Rfc1 Ke7 17. Kf1 Rhd8 18. Ne5 Bb5 19. Ke1 Nd7 {½-½ (19) Bluebaum,M (2633)-Kryvoruchko,Y (2705) Brest 2018}) 10. a4 Nd5 11. Qc2 a6 $146 ({Vorgänger:} 11... Ndb4 12. Qd1 bxa4 13. Ne5 Rc8 14. Nxd7 Qxd7 15. e3 Be7 16. Qxa4 O-O {1-0 (43) Tunik,G (2419)-Konaplev,A (2272) Taganrog 2016}) 12. axb5 axb5 13. Rxa8 Qxa8 14. e4 Ndb4 15. Qe2 Nd3 16. b3 Ncb4 17. bxc4 bxc4 18. d5 Bc5 ({And not} 18... exd5 19. exd5+ Kd8 20. Ng5 $16) 19. Be3 Qa7 20. Bxc5 (20. Nfd2 $1 $11) 20... Qxc5 21. Nc3 O-O ({Much worse is} 21... exd5 $6 22. exd5+ Qe7 23. Nd2 $16) 22. Bh3 Bc8 23. dxe6 Bxe6 24. Bxe6 fxe6 25. e5 Nc6 26. Ng5 Qxe5 ({But not} 26... Ncxe5 $6 27. Qe4 $14) 27. Qxe5 Ncxe5 28. f4 Ng4 29. Nxe6 Rb8 30. Rb1 Rb3 31. Rxb3 cxb3 32. Nd4 b2 33. Nc2 $1 Kf7 34. h3 Ngf2 35. Kg2 $17 (35. Na3 $11) 35... Ke7 36. Nb1 Kd6 37. Ne1 Kd5 38. Nxd3 Nxd3 39. Kf3 Kd4 40. f5 Nc5 41. g4 Ne4 42. Kf4 Nc3 43. Na3 Nd5+ 44. Kf3 Ne3 45. Kf4 Nc4 46. Nb1 Kd3 47. g5 Kc2 48. f6 gxf6 49. gxf6 Kxb1 50. f7 Kc1 51. f8=Q b1=Q 52. Qf5 Qb7 53. Kg5 Qg7+ 54. Kh5 Ne3 55. h4 Qe7 56. Qf4 Qe8+ 57. Kh6 Qg6# 0-1

[Event "Oslo Chess Festival 2018"]
[Site "Oslo"]
[Date "2018.10.07"]
[Round "10"]
[White "Pigott, John C"]
[Black "Skotheim, Andreas"]
[Result "1-0"]
[ECO "B48"]
[WhiteElo "2386"]
[BlackElo "2160"]
[Annotator "NA"]
[PlyCount "109"]
[EventDate "2018.09.30"]
[EventCountry "NOR"]
[SourceTitle "playchess.com"]
[Source "ChessBase"]
[SourceQuality "1"]
[TimeControl "40/5400+30:1800+30"]

1. e4 c5 2. Nf3 e6 3. d4 cxd4 4. Nxd4 Nc6 5. Nc3 Qc7 6. Be3 a6 7. Qf3 {[%emt 0:00:13] B48: Sicilian: Taimanov: 5 Nc3 Qc7 6 Be3 a6 without Be2} d6 {[%emt 0:01:08] LiveBook: 95 Games} (7... Nf6 8. O-O-O Ne5 9. Qg3 b5 10. a3 Bb7 11. Bxb5 Rc8 12. Ba4 Nxe4 13. Nxe4 Bxe4 14. Bf4 Qc4 15. Bxe5 Qxa4 {1-0 (38) Vachier Lagrave,M (2789)-Anand,V (2776) Karlsruhe/Baden-Baden 2018}) 8. O-O-O Bd7 9. Nxc6 Bxc6 10. Qg3 Nf6 11. f3 Rc8 12. Bd3 Be7 $146 ({Predecessor:} 12... b5 13. Kb1 Nd7 14. Rhe1 Nc5 {1-0 (42) Lopez Martinez,J (2552)-Ivanisevic,I (2648) Sitges 2016}) 13. Qxg7 Rg8 14. Qh6 Rxg2 15. Qh3 Rg8 16. Kb1 Qa5 17. Ne2 Qh5 18. Qf1 d5 19. Ng3 Qh4 20. e5 Nd7 21. f4 d4 22. Bxd4 Bxh1 23. Qxh1 Rc7 24. Rf1 Rg4 25. Be3 Nc5 26. Be2 Rg8 27. Bf2 Qh3 28. Bxc5 Bxc5 29. Bxa6 Kf8 30. Bd3 h5 31. Ne4 Qg2 32. Ng5 Qxh1 33. Rxh1 Be7 34. h4 Rd7 35. Kc1 Rd4 36. Rf1 Bxg5 37. hxg5 Kg7 38. Kd2 Ra8 39. a3 h4 40. Ke3 Rdd8 41. Rh1 Rh8 42. Rh3 Kf8 43. Kd4 Rc8 44. a4 b6 45. b4 Ke7 46. a5 bxa5 47. bxa5 Kd8 48. a6 Rc7 $11 49. Be4 Kc8 50. Bb7+ Kb8 51. c4 Rd7+ 52. Kc5 Rd1 53. Kc6 Ka7 54. c5 Kb8 55. a7+ 1-0

[Event "Oslo Chess Festival 2018"]
[Site "Oslo"]
[Date "2018.10.07"]
[Round "10"]
[White "Sousa, Ludy Helsio Paulo"]
[Black "Haug, Johannes"]
[Result "0-1"]
[ECO "B19"]
[WhiteElo "2175"]
[BlackElo "2391"]
[Annotator "NA"]
[PlyCount "138"]
[EventDate "2018.09.30"]
[EventCountry "NOR"]
[SourceTitle "playchess.com"]
[Source "ChessBase"]
[SourceQuality "1"]
[TimeControl "40/5400+30:1800+30"]

1. e4 c6 2. d4 d5 3. Nc3 dxe4 4. Nxe4 Bf5 5. Ng3 Bg6 6. h4 h6 7. Nf3 Nd7 8. Bd3 Bxd3 9. Qxd3 ({Much weaker is} 9. cxd3 e6 $15) 9... e6 10. Bf4 {[%emt 0:00:37] LiveBook: 37 Games} Qa5+ 11. Bd2 Qc7 12. c4 {[%emt 0:00:47] B19: Classical Caro-Kann: 4...Bf5 main line} (12. O-O-O Ngf6 13. Ne4 O-O-O 14. g3 Nc5 15. Nxc5 Bxc5 16. c4 Qe7 17. Rhe1 Ng4 18. Re2 Bb4 19. Kb1 Bxd2 20. Rdxd2 Nf6 21. Qc3 Kb8 {1-0 (41) Popov,I (2617)-Khairullin,I (2605) Dagomys 2010}) 12... Ngf6 13. Bc3 Rd8 $146 ({Predecessor:} 13... Be7 14. Qe2 O-O 15. O-O Qf4 16. Rfe1 Qg4 17. Rad1 Rfd8 18. b4 Bd6 19. Ne4 Nxe4 20. Qxe4 Qxe4 21. Rxe4 {0-1 (54) Martin Capitan,F (2116)-Padeiro,J (2285) Linares 2016}) 14. Ne4 Be7 15. Nxf6+ Nxf6 16. Qe2 Qf4 17. O-O Qg4 18. Rfe1 O-O 19. g3 Qf5 20. Rad1 b5 (20... Ng4 $11 {hält das Gleichgewicht.}) 21. Ne5 Rc8 22. b3 h5 23. Rd3 Rfe8 24. Kg2 bxc4 25. bxc4 Bd6 26. Rf3 Qh7 27. Qd2 Bxe5 28. dxe5 Ng4 29. Qd7 Rf8 30. Rxf7 Rxf7 31. Qxc8+ Rf8 32. Qxe6+ Kh8 33. Kg1 Qd3 34. Qd6 Qf3 35. Bd4 Nxf2 36. Qxf8+ Qxf8 37. Bxf2 Qe7 38. e6 Kg8 39. Re5 Qd6 40. Re4 Kf8 41. Kg2 a6 42. e7+ Ke8 43. Bb6 Qd2+ 44. Kf3 Qd3+ 45. Be3 Qf1+ 46. Bf2 c5 47. a4 a5 48. Re2 Qh1+ 49. Kf4 Qc1+ 50. Kf3 Qxc4 51. Re4 Qd3+ 52. Be3 c4 53. Re5 c3 54. Rxa5 Kxe7 55. Rc5 Kd6 $17 (55... Qf1+ $19 56. Ke4 Qg2+ 57. Kd3 Qxg3) 56. Kf2 Qc2+ 57. Ke1 Qb2 58. a5 c2 59. a6 Qa1+ 60. Kf2 Qa2 61. Kf3 Qf7+ 62. Ke2 Qa2 63. Kd3 Qxa6+ 64. Kxc2 Qe2+ 65. Kb3 Qxe3+ 66. Rc3 Qg1 67. Kc4 Ke5 68. Rb3 Qd4+ 69. Kb5 Qd5+ 0-1

[Event "Oslo Chess Festival 2018"]
[Site "Oslo"]
[Date "2018.10.07"]
[Round "10"]
[White "Abdrlauf, Elham"]
[Black "Ranaldi, Lucas"]
[Result "1-0"]
[ECO "E11"]
[WhiteElo "2080"]
[BlackElo "2335"]
[Annotator "NA"]
[PlyCount "81"]
[EventDate "2018.09.30"]
[EventCountry "NOR"]
[SourceTitle "playchess.com"]
[Source "ChessBase"]
[SourceQuality "1"]
[TimeControl "40/5400+30:1800+30"]

1. d4 Nf6 2. c4 e6 3. Nf3 Bb4+ 4. Bd2 c5 5. Bxb4 cxb4 6. e3 b6 7. Bd3 Bb7 8. Nbd2 O-O 9. Qc2 d6 10. g4 g6 11. h3 Nbd7 12. g5 Nh5 13. Be4 Qc7 14. Bxb7 Qxb7 15. Qe4 Qc7 16. Nh2 Rab8 17. Ng4 b5 18. b3 (18. cxb5 $11 Rxb5 19. h4) 18... bxc4 19. bxc4 Qa5 ({Better is} 19... f5 $15 20. Qxe6+ Kh8) 20. Ke2 $2 {[%emt 0:03:47] Qxg} (20. Qc6 $14 Rbd8 21. Ke2 (21. Qxd6 b3 $16)) 20... Qxg5 21. Qc6 {[%emt 0:01:41] [#]} Qe7 $1 22. Rag1 (22. Ne4 {war nötig.} f5 23. Qxd6) 22... f5 23. Nh2 Kh8 24. Nhf3 e5 25. dxe5 {[%emt 0:04:12] Nx} Nxe5 26. Qd5 Rbc8 27. Nxe5 {[%emt 0:00:37] dxe} dxe5 $19 ({Weaker is} 27... Qxe5 28. Qxe5+ dxe5 29. Rb1 $15) 28. Nf3 Rc5 29. Qd2 Rxc4 30. Rc1 Rxc1 31. Rxc1 Nf6 32. Rc4 a5 33. Qc2 Nd5 34. Kf1 Nc3 35. a3 Rd8 36. axb4 axb4 37. Qb3 Rd1+ 38. Kg2 Rb1 39. Rc8+ Kg7 40. Qc4 Kh6 41. Rc7 1-0

[Event "Oslo Chess Festival 2018"]
[Site "Oslo"]
[Date "2018.10.07"]
[Round "10"]
[White "Rognes, Sven Erik"]
[Black "Hobber, Anders"]
[Result "0-1"]
[ECO "C00"]
[WhiteElo "1893"]
[BlackElo "2314"]
[Annotator "NA"]
[PlyCount "74"]
[EventDate "2018.09.30"]
[EventCountry "NOR"]
[SourceTitle "playchess.com"]
[Source "ChessBase"]
[SourceQuality "1"]
[TimeControl "40/5400+30:1800+30"]

1. e4 e6 2. Qe2 c5 3. b3 Nc6 4. Bb2 {[%emt 0:00:14] C00: French: Unusual White 2nd moves} Nf6 (4... Nge7 5. Qh5 d5 6. Nf3 dxe4 7. Ng5 Ng6 8. Nc3 Be7 9. Ncxe4 Nd4 10. O-O-O Bd7 11. Re1 Bc6 {0-1 (42) Badmatsyrenov,O (2454)-Kryakvin,D (2591) Ekaterinburg 2018}) 5. e5 Nd5 6. Nf3 Be7 {[%emt 0:06:39] LiveBook: 3 Games} 7. g3 O-O 8. Bg2 d6 9. O-O dxe5 10. Nxe5 Nd4 11. Qd1 Bf6 $146 12. f4 Qc7 13. c3 Nc6 14. Ng4 Be7 15. Na3 Nf6 16. Nc2 Nxg4 17. Qxg4 Bf6 18. Qe2 g6 19. d4 cxd4 $1 20. Nxd4 Nxd4 21. cxd4 Qb6 22. Rad1 Bd7 23. Kh1 $2 ({Better is} 23. Rf2 $15) 23... Bb5 24. Qf3 Bxf1 25. Qxf1 Rfd8 26. Qf2 Rd6 27. g4 Rad8 28. Qg3 Bxd4 29. Bxd4 Rxd4 30. Re1 Rd1 31. h3 R8d3 32. Qh4 Qe3 33. Rf1 Qxf4 34. Kg1 Rxf1+ 35. Bxf1 Rg3+ 36. Bg2 g5 $19 37. Qh5 Qd2 0-1